 Dungeon Crawl Stone Soup version 0.22-a0-525-gf69a080 (webtiles) character file.

1141 vinnietd the Basher (level 8, -11/46 HPs)
             Began as a Gargoyle Fighter on June 22, 2018.
             Mangled by an orc warrior
             ... wielding a +0 trident
              (18 damage)
             ... on level 5 of the Dungeon.
             The game lasted 00:12:23 (4588 turns).

vinnietd the Basher (Gargoyle Fighter)              Turns: 4588, Time: 00:12:24

Health: -11/46     AC: 14    Str: 21    XL:     8   Next: 37%
Magic:  8/8        EV:  7    Int: 10    God:
Gold:   202        SH: 10    Dex:  9    Spells: 7/7 levels left

rFire    . . .     SeeInvis .   a - +0 flail
rCold    . . .     Gourm    .   c - +1 shield
rNeg     + . .     Faith    .   b - +0 scale mail
rPois    ∞         Spirit   .   r - +0 helmet
rElec    +         Reflect  .   (no cloak)
rCorr    .         Harm     .   (no gloves)
MR       .....                  (no boots)
Stlth    ..........             (no amulet)
HPRegen  0.15/turn              e - +1 ring of protection
MPRegen  0.11/turn              (no ring)

@: no status effects
A: negative energy resistance 1, electricity resistance, unbreathing,
petrification resistance, rot immunity, AC +5
a: no special abilities


You were on level 5 of the Dungeon.
You were not hungry.

You visited 1 branch of the dungeon, and saw 5 of its levels.
You also visited: Ossuary.

You collected 202 gold pieces.

Inventory:

Hand Weapons
 a - a +0 flail (weapon)
Missiles
 u - 4 tomahawks (quivered)
 w - 2 steel tomahawks
Armour
 b - a +0 scale mail (worn)
 c - a +1 shield (worn)
 r - a +0 helmet (worn)
Jewellery
 e - a +1 ring of protection (left hand)
 i - an uncursed amulet of magic regeneration {unknown}
 q - a cursed amulet of inaccuracy {unknown}
Scrolls
 h - 6 scrolls of immolation
 j - 3 scrolls of remove curse {unknown}
 k - 2 scrolls of teleportation {unknown}
 n - 3 scrolls of identify {@r1}
 t - 4 scrolls of enchant armour
 v - 2 scrolls of random uselessness {unknown}
Potions
 d - a potion of might
 g - 3 potions of invisibility
 l - 3 potions of curing {unknown}
 m - a potion of mutation {unknown}
 o - 2 potions of cancellation {unknown}
 p - a potion of flight {unknown}
 s - a potion of ambrosia {unknown}
 x - 3 potions of heal wounds {unknown}
Comestibles
 f - 10 rations
 z - 10 chunks of flesh


   Skills:
 + Level 3.4 Fighting
 * Level 9.7 Maces & Flails
 + Level 3.4 Armour
 + Level 3.4 Shields


You had 7 spell levels left.
You didn't know any spells.
Your spell library was empty.

Dungeon Overview and Level Annotations

Branches:
Dungeon (5/15)
 Temple: D:4-7

Altars:
Ashenzari
Qazlal
Ru
Uskayaw

Shops:
D:4 !


Innate Abilities, Weirdness & Mutations

You are resistant to torment.
Your stone body is resilient. (AC +5)
You are immune to poison.
You resist negative energy. (rN+)
You are resistant to electric shocks. (rElec)
You can survive without breathing.
You are immune to petrification.
You are immune to rotting.


Message History

The orc warrior hits you from afar with a trident!
You block the ball python's attack. The ball python constricts you.
You closely miss the ball python.
The ball python is severely wounded.
The ball python bites you but does no damage.
The ball python constricts you.
The orc warrior hits you but does no damage.
You sock the ball python!
You kill the ball python!
The ball python's corpse dissolves into shadows!
The orc warrior hits you from afar with a trident!
An orc comes into view.
The orc shouts!
You hit the orc priest.
The orc priest is moderately wounded.
The orc priest mumbles some strange prayers to Beogh against you.
Beogh smites you!
* * * LOW HITPOINT WARNING * * *
The orc warrior hits you from afar with a trident!!
You die...

# . #. #.# #. ...
#..### #. ... .
#..@# #.## S.o.
...####o# ..# #..o.
#....o.# #.###So..o
#####..##
##.o.......
##..#####....o.....
##.....#.#..#
#..o.S..#..#
.....o.##.....#.#
######.###†)....#


You could see an orc warrior, an orc priest and an orc.

Vanquished Creatures
  Sigmund (D:4)
  An ice beast (D:4)
  A sky beast (D:4)
  2 ogres
  An elf zombie (Ossuary)
  A howler monkey (D:4)
  A centaur zombie (Ossuary)
  A hound (D:3)
  4 orc wizards
  An orc priest (D:5)
  3 worker ants (D:4)
  A big kobold zombie (Ossuary)
  2 mummies (Ossuary)
  A howler monkey skeleton (D:2)
  6 adders
  2 shadow imps
  2 oozes
  An adder zombie (Ossuary)
  A dart slug (D:1)
  4 leopard geckos
  16 orcs
  A ball python (D:1)
  A giant cockroach (D:2)
  7 goblins
  9 hobgoblins
  10 jackals
  A quokka (D:4)
  6 bats
  6 frilled lizards
  11 hobgoblin zombies (Ossuary)
  3 jackal zombies (Ossuary)
  12 kobolds
  10 kobold zombies (Ossuary)
  3 orc zombies (Ossuary)
  9 rats
  2 rat zombies (Ossuary)
144 creatures vanquished.

Vanquished Creatures (others)
  2 plants (D:5)
2 creatures vanquished.

Grand Total: 146 creatures vanquished

Notes
Turn   | Place    | Note
-------+----------+-------------------------------------------
     0 | D:1      | vinnietd the Gargoyle Fighter began the quest for the Orb.
     0 | D:1      | Reached XP level 1. HP: 14/14 MP: 1/1
   212 | D:1      | Reached XP level 2. HP: 19/19 MP: 2/2
   236 | D:1      | Reached skill level 3 in Maces & Flails
   455 | D:1      | Reached XP level 3. HP: 23/23 MP: 3/3
   801 | D:2      | Reached skill level 4 in Maces & Flails
  1137 | D:2      | Reached XP level 4. HP: 28/28 MP: 4/4
  1652 | D:3      | Found a shattered altar of Ashenzari.
  1705 | D:3      | Found a sacrificial altar of Ru.
  2456 | D:3      | Reached skill level 5 in Maces & Flails
  2456 | D:3      | Reached XP level 5. HP: 21/32 MP: 5/5
  2529 | D:4      | Noticed an ogre
  2564 | D:3      | Killed an ogre
  2564 | D:3      | Reached skill level 6 in Maces & Flails
  2564 | D:3      | Reached XP level 6. HP: 8/37 MP: 6/6
  2955 | D:4      | Noticed Sigmund
  2976 | D:4      | Killed Sigmund
  2976 | D:4      | Reached skill level 7 in Maces & Flails
  3119 | D:4      | Reached XP level 7. HP: 34/41 MP: 7/7
  3278 | D:4      | Found Sadynuc's Distillery.
  3600 | D:4      | Found a stormy altar of Qazlal.
  3600 | D:4      | Found a hide-covered altar of Uskayaw.
  3721 | D:5      | Entered Level 5 of the Dungeon
  3745 | D:4      | Reached skill level 8 in Maces & Flails
  3972 | D:5      | Found a sand-covered staircase.
  4023 | Ossuary  | Entered an ossuary
  4155 | Ossuary  | Reached skill level 9 in Maces & Flails
  4232 | Ossuary  | Reached XP level 8. HP: 42/46 MP: 8/8
  4588 | D:5      | Mangled by an orc warrior

Vault maps used:
D:1:      minmay_arrival_checkered_box
D:2:      first_ration
D:3:      nicolae_ru_path_of_blood, cheibrodos_ashenzari_chains
D:4:      gammafunk_temple_overflow_elements, serial_shops, nicolae_shop_stone,
          corner_web_ring, uniq_sigmund
D:5:      nicolae_ossuary_entry_ruins, serial_shops, shop, serial_bayou_lake_a
Ossuary:  ossuary_tomb_1

Skill      XL: |  1  2  3  4  5  6  7 |
---------------+----------------------+-----
Maces & Flails | 3 4 5 6 7 9 |  9.7
Fighting       | |  3.4
Armour         | |  3.4
Shields        | |  3.4

Action                   |  1- 3 |  4- 6 |  7- 9 || total
-------------------------+-------+-------+-------++-------
Melee: Flail             |   137 |   132 |   319 ||   588
  Use: Scroll            |       |     3 |       ||     3
       Potion            |       |     2 |       ||     2
  Eat: Chunk             |     1 |     6 |     6 ||    13
Armor: Scale mail        |    87 |    74 |   132 ||   293
Dodge: Dodged            |    50 |    50 |    82 ||   182
Block: Shield            |    82 |    74 |   165 ||   321

Table legend:
 A = Spawn XP
 B = Non-spawn XP
 C = Spawn XP percentage of total XP
 D = Spawn monster count
 E = Non-spawn monster count
 F = Spawn count percentage of total count
 G = Total turns spent on level
                    A         B        C        D         E        F      G
               +---------+---------+-------+---------+---------+-------+---------
         Total |       0 |    1630 |   0.0 |       0 |     144 |   0.0 |  4588
               +---------+---------+-------+---------+---------+-------+---------
           D:1 |       0 |      50 |   0.0 |       0 |      27 |   0.0 |   742
           D:2 |       0 |     102 |   0.0 |       0 |      33 |   0.0 |   880
           D:3 |       0 |     245 |   0.0 |       0 |      12 |   0.0 |  1293
           D:4 |       0 |     713 |   0.0 |       0 |      21 |   0.0 |   998
           D:5 |       0 |     286 |   0.0 |       0 |      16 |   0.0 |   226
       Ossuary |       0 |     234 |   0.0 |       0 |      35 |   0.0 |   449
               +---------+---------+-------+---------+---------+-------+---------
